 Dungeon Crawl Stone Soup version 0.19.5 (webtiles) character file.

982 MovingMist the Schismatic (level 7, -3/55 HPs)
             Began as a Demonspawn Abyssal Knight on Apr 6, 2017.
             Was an Elder of Lugonu.
             Slain by a sky beast (4 damage)
             ... on level 6 of the Dungeon.
             The game lasted 00:16:04 (5259 turns).

MovingMist the Schismatic (DsAK)                    Turns: 5259, Time: 00:16:04

Health: -3/55      AC:  9    Str: 13    XL:     7   Next: 96%
Magic:  13/13      EV: 12    Int: 13    God:    Lugonu [****..]
Gold:   407        SH:  0    Dex: 25    Spells: 0 memorised, 6 levels left

rFire  + . .     SeeInvis .     M - +3 hand axe "Bocyxigh" {freeze, rC- Dex+9}
rCold  x . .     Gourm    .     g - +0 chain mail
rNeg   . . .     Faith    .     (no shield)
rPois  .         Spirit   .     (no helmet)
rElec  .         Reflect  .     N - +0 cloak
rCorr  .         Harm     .     (no gloves)
MR     .....                    (boots unavailable)
Stlth  ..........               (no amulet)
                                x - ring of protection from fire
                                h - +4 ring of evasion

@: no status effects
A: talons 3, thin skeletal structure 1, powered by death 1
a: Depart the Abyss, Bend Space, Banish, Corrupt, Renounce Religion


You were on level 6 of the Dungeon.
You worshipped Lugonu.
Lugonu was greatly pleased with you.
You were hungry.

You visited 1 branch of the dungeon, and saw 6 of its levels.
You visited the Abyss 1 time.
You also visited: Ossuary.

You collected 407 gold pieces.

Inventory:

Hand Weapons
 a - a +1 mace
 w - a +0 dagger of venom
 y - a +1 vampiric whip
 M - the +3 hand axe "Bocyxigh" (weapon) {freeze, rC- Dex+9}
   (You found it on level 5 of the Dungeon)

   It has been specially enchanted to freeze those struck by it, causing extra
   injury to most foes and up to half again as much damage against particularly
   susceptible opponents.
   It can also slow down cold-blooded creatures.
   It affects your dexterity (+9).
   It makes you vulnerable to cold.
Missiles
 p - 7 poisoned javelins (quivered)
Armour
 g - a +0 chain mail (worn)
 N - a +0 cloak (worn)
Jewellery
 d - an uncursed amulet of rage
 h - a +4 ring of evasion (left hand)
 n - an uncursed ring of stealth
 x - a ring of protection from fire (right hand)
Scrolls
 b - a scroll of recharging {unknown}
 f - a scroll of enchant weapon {unknown}
 i - 2 scrolls of amnesia {unknown}
 l - 2 scrolls of enchant armour {unknown}
 m - 5 scrolls of immolation {unknown}
 q - 5 scrolls of identify {unknown}
 r - a scroll of noise {unknown}
 s - a scroll of fog {unknown}
 t - 3 scrolls of magic mapping {unknown}
 G - a scroll of acquirement {unknown}
 I - 2 scrolls of remove curse {unknown}
 O - a scroll of teleportation {unknown}
 P - a scroll of random uselessness {unknown}
Potions
 e - 5 potions of curing
 u - a potion of mutation {unknown}
 v - 2 potions of beneficial mutation {unknown}
 z - a potion of flight {unknown}
 A - 2 potions of heal wounds {unknown}
 B - a potion of brilliance {unknown}
 C - a potion of resistance {unknown}
 D - a potion of might {unknown}
 E - 3 potions of invisibility {unknown}
 F - a potion of lignification {unknown}
 H - a potion of cure mutation {unknown}
 J - 2 potions of degeneration {unknown}
 K - 2 potions of haste {unknown}
 Q - a potion of cancellation {unknown}
Comestibles
 c - 3 bread rations
 j - 3 meat rations
 k - 6 fruits
 o - 4 beef jerkies
 L - a royal jelly


   Skills:
 - Level 4.6 Fighting
 - Level 1.0 Short Blades
 + Level 1.0(2.2) Axes
 - Level 3.2(3.3) Maces & Flails
 - Level 1.7 Armour
 + Level 3.6 Dodging
 - Level 1.0 Unarmed Combat
 * Level 8.4 Invocations


You had 6 spell levels left.
You didn't know any spells.

Dungeon Overview and Level Annotations

Branches:
Dungeon (6/15)
 Temple: D:4-7

Altars:
Ashenzari
Elyvilon
Fedhas
Kikubaaqudgha
Yredelemnul
Zin

Shops:
D:4 [   D:5 [


Innate Abilities, Weirdness & Mutations

You have claws for feet.
You have a somewhat thin skeletal structure. (Dex +2, Stealth)
You regenerate a little health from kills.


Message History

You hit something. You freeze something. You claw something.
Something hits you but does no damage.
You miss something. You claw something. Something barely misses you.
You miss something. You claw something. Something hits you.
* * * LOW HITPOINT WARNING * * *
Something shocks you.
* * * LOW HITPOINT WARNING * * *
You barely miss something. You claw something.
Something hits you but does no damage.
You hit something but do no damage. You claw something.
Something hits you but does no damage. x2
You hit something. You freeze something. Something hits you.
* * * LOW HITPOINT WARNING * * *
Something shocks you.
* * * LOW HITPOINT WARNING * * *
You hit something. You freeze something. You claw something.
Something hits you but does no damage.
You hit something. You freeze something. You claw something.
Something hits you.
You die...

#............#.#
#.##.........#.#
#............#.#
###...########..
#...# ### #...#
#### ..####...#
.....
.........####......
.#####.#...@{......
#.............
########......
...... ..... .....
.... ....


There were no monsters in sight!

Vanquished Creatures
  An ice beast (D:6)
  A water moccasin zombie (Ossuary)
  2 howler monkeys (D:4)
  A crimson imp (D:5)
  A centaur zombie (D:6)
  2 orc priests
  3 hounds
  2 iguanas (D:5)
  4 orc wizards (D:3)
  3 worker ants
  4 big kobold zombies (Ossuary)
  A hound skeleton (D:5)
  2 gnolls
  6 adders
  4 adder zombies (Ossuary)
  An adder skeleton (D:4)
  4 worms
  6 dart slugs
  4 leopard geckos
  13 orcs
  7 bats
  4 giant cockroaches
  3 gnoll zombies (Ossuary)
  11 goblins
  8 hobgoblins
  4 jackals
  2 quokkas (D:3)
  2 frilled lizards
  7 hobgoblin zombies (Ossuary)
  A jackal skeleton (D:4)
  7 kobolds
  2 kobold zombies (Ossuary)
  A leopard gecko skeleton (D:4)
  8 orc zombies (Ossuary)
  11 rats
143 creatures vanquished.

Vanquished Creatures (others)
  2 mummies (Ossuary)
2 creatures vanquished.

Grand Total: 145 creatures vanquished

Notes
Turn   | Place    | Note
-------+----------+-------------------------------------------
     0 | Abyss:1  | MovingMist the Demonspawn Abyssal Knight began the quest for the Orb.
     0 | Abyss:1  | Reached XP level 1. HP: 18/18 MP: 2/2
    30 | Abyss:1  | Noticed a small abomination
    38 | D:1      | Escaped the Abyss
    64 | D:1      | Reached skill level 1 in Dodging
   152 | D:1      | Reached * piety under Lugonu
   153 | D:1      | Gained mutation: You regenerate a little health from kills. [demonic ancestry]
   153 | D:1      | Reached XP level 2. HP: 20/24 MP: 4/4
   304 | D:1      | Reached skill level 3 in Invocations
   552 | D:1      | Reached XP level 3. HP: 29/29 MP: 5/5
  1017 | D:2      | Gained mutation: You have sharp toenails. [demonic ancestry]
  1017 | D:2      | Reached XP level 4. HP: 16/35 MP: 6/6
  1019 | D:2      | Reached skill level 4 in Invocations
  1028 | D:2      | Reached ** piety under Lugonu
  1550 | D:2      | Gained mutation: You have razor-sharp toenails. [demonic ancestry]
  1550 | D:2      | Reached XP level 5. HP: 31/41 MP: 8/8
  1557 | D:2      | Reached skill level 5 in Invocations
  1761 | D:2      | Found a blossoming altar of Fedhas.
  1761 | D:2      | Found a faded altar of an unknown god.
  1775 | D:2      | Found a faded altar of an unknown god.
  1777 | D:2      | Found a shattered altar of Ashenzari.
  1778 | D:2      | Found a faded altar of an unknown god.
  1995 | D:3      | Found a glowing silver altar of Zin.
  1995 | D:3      | Noticed an angel
  2038 | D:3      | Found an ancient bone altar of Kikubaaqudgha.
  2316 | D:3      | Reached skill level 6 in Invocations
  2316 | D:3      | Gained mutation: You have a somewhat thin skeletal structure. (Dex +2, Stealth) [demonic ancestry]
  2316 | D:3      | Reached XP level 6. HP: 47/48 MP: 10/10
  2391 | D:3      | Reached *** piety under Lugonu
  2412 | D:3      | Reached skill level 1 in Unarmed Combat
  2980 | D:4      | Reached skill level 1 in Short Blades
  3406 | D:4      | Found Ohuicucs's Antique Armour Shop.
  3408 | D:4      | Found a sand-covered staircase.
  3425 | Ossuary  | Entered an ossuary
  3474 | Ossuary  | Reached skill level 7 in Invocations
  3474 | Ossuary  | Gained mutation: You have claws for feet. [demonic ancestry]
  3474 | Ossuary  | Reached XP level 7. HP: 12/54 MP: 12/12
  3570 | Ossuary  | Reached **** piety under Lugonu
  4346 | D:5      | Entered Level 5 of the Dungeon
  4418 | D:5      | Got an iridescent hand axe
  4472 | D:5      | Identified the +3 hand axe "Bocyxigh" {freeze, rC- Dex+9} (You found it on level 5 of the Dungeon)
  4504 | D:5      | Found a basalt altar of Yredelemnul.
  4570 | D:5      | Found Bioz's Armour Shoppe.
  4838 | D:5      | Reached skill level 8 in Invocations
  4915 | D:5      | Found a white marble altar of Elyvilon.
  5243 | D:6      | Reached skill level 1 in Axes
  5257 | D:6      | HP: 1/55 [something (6)]
  5259 | D:6      | Slain by a sky beast

Skill      XL: |  1  2  3  4  5  6  7 |
---------------+----------------------+-----
Dodging        | 1 2 3 |  3.6
Maces & Flails | 2 3 |  3.2
Invocations    | 3 4 6 7 8 |  8.4
Fighting       | 4 |  4.6
Unarmed Combat | 1 |  1.0
Short Blades   | 1 |  1.0
Axes           | 1 |  1.0
Armour         | |  1.7

Action                   |  1- 3 |  4- 6 |  7- 9 || total
-------------------------+-------+-------+-------++-------
Melee: Mace              |   129 |   251 |   151 ||   531
       Kick              |       |    93 |    89 ||   182
       Dagger            |       |    83 |    40 ||   123
       Punch             |       |     1 |       ||     1
       Hand axe          |       |       |    44 ||    44
Invok: Depart the Abyss  |     1 |       |       ||     1
       Banish            |       |       |     2 ||     2
  Use: Potion            |       |     1 |       ||     1
  Eat: Chunk             |     1 |     8 |     2 ||    11
       Bread ration      |       |       |     1 ||     1
Armor: Leather armour    |     5 |       |       ||     5
       Chain mail        |    95 |   168 |    99 ||   362
Dodge: Dodged            |    83 |   207 |   103 ||   393
